 Dungeon Crawl Stone Soup version 0.25-a0-700-g7f8a7979f0 (webtiles) character file.

Game seed: 5162889187239591015, levelgen mode: deterministic

100 kae the Ruffian (level 4, -2/34 (38) HPs)
             Began as a Naga Transmuter on Apr 2, 2020.
             Slain by a necrophage (5 damage)
             ... on level 2 of the Dungeon.
             The game lasted 00:02:22 (2911 turns).

kae the Ruffian (Naga Transmuter)                   Turns: 2911, Time: 00:02:22

HP:   -2/34 (38)    AC:  2    Str: 13    XL:     4   Next: 74%
MP:   7/8           EV: 10    Int: 14    God:
Gold: 61            SH:  0    Dex: 11    Spells: 2/8 levels left

rFire    . . .     SeeInvis +     - Unarmed
rCold    . . .     Gourm    .   (no shield)
rNeg     . . .     Faith    .   b - +0 robe
rPois    +         Spirit   .   (no helmet)
rElec    .         Reflect  .   (no cloak)
rCorr    .         Harm     .   (no gloves)
MR       .....                  (no barding)
Stlth    +.........             (no amulet)
HPRegen  0.00/turn              (no ring)
MPRegen  0.11/turn              (no ring)

@: non-regenerating, badly diseased, very slow
A: large, see invisible, deformed body, poison resistance, slowness 2, slow
metabolism 1, spit poison 1, AC +1
a: Spit Poison


You were on level 2 of the Dungeon.
You were hungry.

You visited 1 branch of the dungeon, and saw 3 of its levels.

You collected 61 gold pieces.

Inventory:

Missiles
 a - 38 arrows
Armour
 b - a +0 robe (worn)
Scrolls
 c - 2 scrolls of teleportation {unknown}
 f - a scroll of enchant weapon {unknown}
 g - a scroll of random uselessness {unknown}
 i - a scroll of fear {unknown}
Comestibles
 d - 2 rations


   Skills:
 - Level 1.0 Fighting
 - Level 1.5 Dodging
 * Level 4.3 Unarmed Combat
 + Level 2.7 Spellcasting
 + Level 2.9 Transmutations


You had 2 spell levels left.
You knew the following spells:

 Your Spells              Type           Power        Failure   Level  Hunger
a - Beastly Appendage     Tmut           ##....       7%          1    #......
b - Sticks to Snakes      Tmut           ##......     10%         2    ###....
c - Spider Form           Tmut/Pois      #.........   36%         3    ###....

Your spell library contained the following spells:

 Spells                   Type           Power        Failure   Level  Hunger
 Ice Form                 Ice/Tmut       #.......     77%         4    #####..
 Blade Hands              Tmut           ##........   88%         5    ######.


Dungeon Overview and Level Annotations

Branches:
Dungeon (3/15)

Altars:


Innate Abilities, Weirdness & Mutations

You cannot wear boots.
Your serpentine skin is tough. (AC +1)
You have supernaturally acute eyesight. (SInv)
Armour fits poorly on your strangely shaped body.
Your system is resistant to poisons. (rPois)
You cover ground very slowly.
You have a slow metabolism.
You can spit poison.


Message History

The necrophage hits you but does no damage.
You barely miss the necrophage.
The necrophage is moderately damaged.
You hit the necrophage but do no damage.
The necrophage is moderately damaged.
The necrophage barely misses you.
You hit the necrophage.
The necrophage is heavily damaged.
The necrophage hits you.
* * * LOW HITPOINT WARNING * * *
You aren't carrying any potions.
Okay, then.
You barely miss the necrophage.
The necrophage is heavily damaged.
The necrophage hits you.
* * * LOW HITPOINT WARNING * * *
You hit the necrophage.
The necrophage is heavily damaged.
The necrophage hits you.
You die...

#######.....#.#...#.....# #......
#.†...#.###.#.##.##.#.#+###......
#.###.#.# #.#.............#......
#.###.#.###.#[.#.#........#......
...##.#.....†....+........#######
...##.####.####..#...............
...##............#...............
...#####.#.###.#.#...............
...# #.#.....#@)...............
...# #.#.....n.................
#### #.#.#.....................
#...#####.#........#...... #####
#...########...... ##### #......
#...... #...... #######


You could see a necrophage.

Vanquished Creatures
  Jessica (D:2)
  A howler monkey skeleton (D:3)
  4 worms (D:2)
  A dart slug (D:1)
  2 leopard geckos (D:2)
  5 orcs
  3 goblins
  4 hobgoblins
  4 jackals (D:2)
  7 kobolds
  A ball python (D:3)
  3 bats
  4 frilled lizards
  6 rats
46 creatures vanquished.

Notes
Turn   | Place    | Note
-------+----------+-------------------------------------------
     0 | D:1      | kae the Naga Transmuter began the quest for the Orb.
     0 | D:1      | Reached XP level 1. HP: 18/18 MP: 3/3
   179 | D:1      | Reached XP level 2. HP: 15/25 MP: 5/5
  1386 | D:2      | Reached XP level 3. HP: 9/31 MP: 6/6
  1877 | D:2      | Noticed Jessica
  1882 | D:2      | Killed Jessica
  1882 | D:2      | Reached skill level 4 in Unarmed Combat
  1882 | D:2      | Reached XP level 4. HP: 34/38 MP: 5/7
  1886 | D:2      | Learned a level 2 spell: Sticks to Snakes
  1890 | D:2      | Learned a level 3 spell: Spider Form
  2473 | D:3      | Noticed a necrophage
  2911 | D:2      | Slain by a necrophage

Levels and vault maps discovered:
D:1:      eino_arrival_water_star, layout_loops_ring
D:2:      layout_basic, uniq_jessica
D:3:      layout_rooms, nicolae_qazlal_eye_of_the_storm, first_ration,
          elyvilon_altar_3

Skill      XL: |  1  2  3 |
---------------+----------+-----
Unarmed Combat | 4 |  4.3
Fighting       | |  1.0
Dodging        | |  1.5
Spellcasting   | |  2.7
Transmutations | |  2.9

Action                   |  1- 3 |  4- 6 || total
-------------------------+-------+-------++-------
Melee: Unarmed           |    97 |    61 ||   158
       Headbutt          |     9 |     1 ||    10
 Cast: Beastly Appendage |    12 |     2 ||    14
       Spider Form       |       |     6 ||     6
 Abil: Spit Poison       |     1 |       ||     1
  Use: Potion            |     3 |     1 ||     4
 Stab: Invisible         |       |     1 ||     1
  Eat: Chunk             |     2 |     3 ||     5
Armor: Robe              |    20 |     7 ||    27
       Skin              |     6 |     1 ||     7
Dodge: Dodged            |    50 |    33 ||    83

Table legend:
 A = Non-vault XP
 B = Vault XP
 C = Vault XP percentage of total XP
 D = Non-vault monster count
 E = Vault monster count
 F = Vault count percentage of total count
                 A         B        C        D         E       F
            +---------+---------+-------+---------+---------+-------
      Total |     107 |      37 |  25.7 |      45 |       1 |   2.2
            +---------+---------+-------+---------+---------+-------
        D:1 |      17 |       0 |   0.0 |      10 |       0 |   0.0
        D:2 |      66 |      37 |  35.9 |      29 |       1 |   3.3
        D:3 |      24 |       0 |   0.0 |       6 |       0 |   0.0
            +---------+---------+-------+---------+---------+-------
